 Dungeon Crawl Stone Soup version 0.28-a0-706-gf6f64a616a (webtiles) character file.

Game seed: 15806992525039725877

23 quinnr the Gusty (level 2, 0/15 HPs)
             Began as a Tengu Air Elementalist on Oct 24, 2021.
             Slain by a jackal (2 damage)
             ... on level 2 of the Dungeon.
             The game lasted 00:01:04 (747 turns).

quinnr the Gusty (Tengu Air Elementalist)            Turns: 747, Time: 00:01:05

Health: 0/15       AC:  2    Str:  8    XL:     2   Next: 95%
Magic:  1/6        EV: 12    Int: 15    God:
Gold:   46         SH:  0    Dex: 14    Spells: 4/5 levels left

rFire   . . .      SeeInvis .   (no weapon)
rCold   + . .      Faith    .   (no shield)
rNeg    . . .      Spirit   .   a - +0 robe
rPois   .          Reflect  .   (helmet restricted)
rElec   .          Harm     .   (no cloak)
rCorr   .          Rampage  .   (no gloves)
Will    .....                   (boots unavailable)
Stlth   ++........              (no amulet)
HPRegen 0.05/turn               f - ring of protection from cold
MPRegen 0.10/turn               (no ring)

@: mighty
A: beak, talons 3
a: no special abilities


You were on level 2 of the Dungeon.
You visited 1 branch of the dungeon, and saw 2 of its levels.

You collected 46 gold pieces.

Inventory:

Armour
 a - a +0 robe (worn)
 c - a +0 plate armour of positive energy
Jewellery
 f - a ring of protection from cold (left hand)
Scrolls
 b - a scroll of silence {unknown}
 e - a scroll of enchant weapon {unknown}
 g - a scroll of teleportation {unknown}
Potions
 d - a potion of might


   Skills:
 - Level 2.3 Dodging
 - Level 2.1 Stealth
 + Level 2.3 Spellcasting
 - Level 1.6 Conjurations
 * Level 4.8 Air Magic


You had 4 spell levels left.
You knew the following spells:

 Your Spells              Type           Power      Damage    Failure   Level
a - Shock                 Conj/Air       44%        1d5       6%          1

Your spell library contained the following spells:

 Spells                   Type           Power      Damage    Failure   Level
 Static Discharge         Conj/Air       11%        N/A       9%          2
 Swiftness                Air            16%        N/A       9%          3
 Airstrike                Air            8%         N/A       30%         4


Dungeon Overview and Level Annotations

Branches:
Dungeon (2/15)

Altars:

Shops:
D:1 :


Innate Abilities, Weirdness & Mutations

You have a beak for a mouth.
You have claws for feet.


Message History

You hit the jackal but do no damage. The jackal closely misses you.
You hit the jackal but do no damage. You peck the jackal.
The jackal is lightly wounded.
The jackal bites you but does no damage.
The jackal bites you. The jackal barely misses you.
You hit the jackal. Your kick misses the jackal. You peck the jackal.
You kill the jackal!
The jackal barely misses you. The jackal bites you.
Your magical contamination has completely faded away.
The jackal bites you.
The zap misses the jackal.
The jackal bites you.
You are too depleted to draw on your mana recklessly!
You are too depleted to draw on your mana recklessly!
A jackal is nearby!
You hit the jackal but do no damage. Your kick misses the jackal.
The jackal bites you but does no damage.
You hit the jackal but do no damage. You claw the jackal.
The jackal is severely wounded.
The jackal closely misses you. The jackal bites you.
You hit the jackal but do no damage. Your peck misses the jackal.
The jackal is severely wounded.
The jackal bites you.
You barely miss the jackal. You claw the jackal, but do no damage.
The jackal is severely wounded.
The jackal bites you. x2
* * * LOW HITPOINT WARNING * * *
You closely miss the jackal. Your kick misses the jackal.
The jackal is severely wounded.
The jackal misses you.
Unknown command.
A goblin comes into view. It is wielding a +0 dagger.
The goblin shouts!
The jackal bites you.
* * * LOW HITPOINT WARNING * * *
There is an open door here.
Okay, then.
It was a potion of might.
You feel very mighty all of a sudden. The jackal bites you.
You die...

.........
........##
...?.....##
..........#
#$..# ##.## #.#
#h# ## ##@## .
##...##
#.##.....## .
#.#g......##
....#..>.......#
.......<..†....+
....#..........#
......#.......##
....####.....##


You could see a jackal and a goblin.

Vanquished Creatures
  A dart slug (D:1)
  2 endoplasms (D:1)
  2 giant cockroaches
  A goblin (D:1)
  2 hobgoblins (D:1)
  5 jackals
  A kobold (D:1)
  A quokka (D:2)
  A ball python (D:1)
16 creatures vanquished.

Notes
Turn   | Place    | Note
-------+----------+-------------------------------------------
     0 | D:1      | quinnr the Tengu Air Elementalist began the quest for the
                  | Orb.
     0 | D:1      | Reached XP level 1. HP: 10/10 MP: 4/4
   201 | D:1      | Found Jibremm's Book Boutique.
   213 | D:1      | Reached XP level 2. HP: 12/15 MP: 0/6
   747 | D:2      | Slain by a jackal

Illustrated notes

Levels and vault maps discovered:
D:1:      nagdon_arrival_zigzag_paths, layout_rooms, serial_shops,
          nicolae_shop_crystal
D:2:      layout_loops_corners, shapermc_ecumenical_altar_pompeii,
          kennysheep_jessica_study, uniq_natasha

Action                   || total
-------------------------++-------
Melee: Unarmed           ||     8
       Kick              ||     2
       Peck              ||     2
 Cast: Shock             ||    33
  Use: Potion            ||     1
Armor: Robe              ||     2
Dodge: Dodged            ||     5

Table legend: (Time is in decaauts)
 A = Elapsed time spent in this place.
 B = Non-inter-level travel time spent in this place.
 C = Inter-level travel time spent in this place.
 D = Time resting spent in this place.
 E = Time spent auto-exploring this place.
 F = Levels seen in this place.
 G = Mean time per level.
                   A        B        C        D        E       F      G
               +--------+--------+--------+--------+--------+-----+--------+
         Total |    746 |    742 |      4 |      0 |    654 |   2 |  373.0 |
       Dungeon |    746 |    742 |      4 |      0 |    654 |   2 |  373.0 |
               +--------+--------+--------+--------+--------+-----+--------+

Top non-repeatable levels by time:
     D:1: 666 daAuts
     D:2: 79 daAuts
